 Dungeon Crawl Stone Soup version 0.26.1-11-gd32895ea62 (webtiles) character file.

Game seed: 788959098128944822

688 Zeld the Cudgeller (level 7, -5/45 HPs)
             Began as an Octopode Warper on May 17, 2021.
             Was an Initiate of Makhleb.
             Slain by an ogre
             ... wielding a +0 giant club
              (31 damage)
             ... on level 6 of the Dungeon.
             The game lasted 00:09:57 (8269 turns).

Zeld the Cudgeller (Octopode Warper)                Turns: 8269, Time: 00:09:58

Health: -5/45      AC:  1    Str: 12    XL:     7   Next: 63%
Magic:  13/13      EV: 13    Int: 15    God:    Makhleb [......]
Gold:   324        SH:  0    Dex: 12    Spells: 3/14 levels left

rFire    . . .     SeeInvis .   a - +0 mace
rCold    . . .     Faith    .   (no shield)
rNeg     . . .     Spirit   .   (helmet restricted)
rPois    .         Reflect  .   (no amulet)
rElec    .         Harm     .   (no ring)
rCorr    .         Rampage  .   (no ring)
Will     .....                  (no ring)
Stlth    ++........             (no ring)
HPRegen  0.15/turn              (no ring)
MPRegen  0.13/turn              (no ring)
                                (no ring)
                                (no ring)

@: no status effects
A: almost no armour, stealthy swim, amphibious, 8 rings, constrict 8, camouflage
1, gelatinous body 1
a: Renounce Religion


You were on level 6 of the Dungeon.
You worshipped Makhleb.
Makhleb was noncommittal.
You visited 2 branches of the dungeon, and saw 8 of its levels.

You collected 324 gold pieces.

Inventory:

Hand Weapons
 a - a +0 mace (weapon)
Missiles
 b - 5 boomerangs of dispersal (quivered)
Scrolls
 c - 3 scrolls of blinking
 g - 2 scrolls of immolation {unknown}
 h - 3 scrolls of remove curse
 k - a scroll of random uselessness {unknown}
 l - 3 scrolls of teleportation {unknown}
 m - a scroll of fog {unknown}
 n - 3 scrolls of magic mapping {unknown}
 p - a scroll of amnesia {unknown}
 q - a scroll of enchant armour {unknown}
 s - 2 scrolls of identify {unknown}
 x - 2 scrolls of noise {unknown}
Potions
 d - a potion of brilliance {unknown}
 e - a potion of attraction {unknown}
 f - 3 potions of curing {unknown}
 i - 2 potions of flight {unknown}
 j - 4 potions of heal wounds {unknown}
 o - 2 potions of might {unknown}
 r - a potion of mutation {unknown}
 t - a potion of haste {unknown}
 u - a potion of ambrosia {unknown}
 v - a potion of lignification {unknown}
 w - a potion of resistance {unknown}


   Skills:
 - Level 2.0 Fighting
 * Level 6.0 Maces & Flails
 - Level 1.0 Throwing
 - Level 2.3 Dodging
 + Level 4.1 Spellcasting
 + Level 5.0 Translocations


You had 3 spell levels left.
You knew the following spells:

 Your Spells              Type           Power        Failure   Level
a - Blink                 Tloc           N/A          3%          2
b - Gell's Gravitas       Tloc           9%           7%          3
c - Lesser Beckoning      Tloc           9%           7%          3
d - Teleport Other        Tloc           18%          7%          3

Your spell library contained the following spells:

 Spells                   Type           Power        Failure   Level
 Confusing Touch          Hex            3%           47%         3
 Passage of Golubria      Tloc           N/A          22%         4
 Petrify                  Tmut/Erth      3%           87%         4
 Metabolic Englaciation   Hex/Ice        1%           99%         5
 Yara's Violent Unravell  Hex/Tmut       1%           99%         5


Dungeon Overview and Level Annotations

Branches:
Dungeon (7/15)             Temple (1/1) D:6

Altars:
Ashenzari
Dithmenos
Elyvilon
Fedhas
Gozag
Hepliaklqana
Makhleb
Nemelex Xobeh
Qazlal
Trog
Uskayaw
Vehumet
Wu Jian
Xom
Yredelemnul
Zin
The Shining One


Innate Abilities, Weirdness & Mutations

You cannot wear most types of armour.
You are very stealthy in the water. (Stealth+)
You are amphibious.
You can wear up to eight rings at the same time.
You can use your tentacles to constrict eight enemies at once.
Your skin changes colour to match your surroundings (Stealth+).
Your rubbery body absorbs attacks. (AC +1, EV +1)


Message History

No target in view!
No target in view!
HP restored.
g - 2 scrolls labelled WEAHUB ARATO (gained 1)
You see here a +0 spear.
An ogre comes into view. It is wielding a +0 giant club.
An ogre is nearby!
An ogre is nearby!
The ogre shouts!
The ogre closely misses you.
You barely miss the ogre.
The ogre hits you with a +0 giant club!!
You sock the ogre!
The ogre is moderately wounded.
The ogre barely misses you.
You hit the ogre but do no damage.
The ogre is moderately wounded.
The ogre hits you with a +0 giant club!!
Ouch! That really hurt!
You die...

#.........###.### ... .....
#......##..#....##.........
######.##..###..#....... ......##
........#..# ##........# #.......
........#..# ###..####.###.....#.
...........# #.......(.........#.
.....)..##.###.[......##.........
................[................
.........#####..@O.(..##.......##
.........# #........####'######
........######........##.....#.##
####)#..##.............#.#'#.#..†
#.###...####.######.'.#>#.'.##
#.<...### #..# ##.###.###
###########.## #.....# #....#
###+### #.####


You could see an ogre.

Vanquished Creatures
  2 ogres (D:5)
  A scorpion (D:5)
  2 hounds
  A gnoll shaman (D:6)
  An orc priest (D:3)
  An orc wizard (D:6)
  2 worker ants
  A killer bee zombie (D:5)
  2 hound skeletons
  A howler monkey skeleton (D:4)
  5 adders
  4 gnolls (D:6)
  A shadow imp (D:5)
  2 white imps (D:5)
  4 oozes
  An adder zombie (D:5)
  3 worms (D:3)
  A dart slug (D:1)
  5 leopard geckos
  5 orcs
  A ball python (D:2)
  4 giant cockroaches
  4 goblins
  9 hobgoblins
  8 jackals
  2 quokkas (D:3)
  7 bats
  3 frilled lizards
  8 kobolds
  A leopard gecko skeleton (D:5)
  A quokka zombie (D:5)
  6 rats
99 creatures vanquished.

Vanquished Creatures (others)
  A sky beast (D:5)
1 creature vanquished.

Grand Total: 100 creatures vanquished

Notes
Turn   | Place    | Note
-------+----------+-------------------------------------------
     0 | D:1      | Zeld the Octopode Warper began the quest for the Orb.
     0 | D:1      | Reached XP level 1. HP: 14/14 MP: 3/3
   156 | D:1      | Reached XP level 2. HP: 18/19 MP: 5/5
   270 | D:1      | Learned a level 2 spell: Blink
   721 | D:2      | Reached XP level 3. HP: 18/24 MP: 6/6
   730 | D:2      | Learned a level 3 spell: Gell's Gravitas
   870 | D:2      | Reached skill level 3 in Maces & Flails
  1494 | D:2      | Reached XP level 4. HP: 27/29 MP: 7/7
  1498 | D:2      | Learned a level 3 spell: Lesser Beckoning
  2380 | D:3      | Found a hide-covered altar of Uskayaw.
  2606 | D:3      | Reached XP level 5. HP: 25/34 MP: 9/9
  3343 | D:3      | Reached skill level 4 in Maces & Flails
  3540 | D:3      | Found a glowing silver altar of Zin.
  3541 | D:3      | Noticed an angel
  3614 | D:4      | Found a shimmering altar of Xom.
  4045 | D:4      | Found a shadowy altar of Dithmenos.
  4287 | D:4      | You fall into a shaft and drop 3 floors!
  4288 | D:7      | Noticed a vampire
  4347 | D:5      | Entered Level 5 of the Dungeon
  4356 | D:5      | Reached XP level 6. HP: 27/39 MP: 10/10
  4360 | D:5      | Learned a level 3 spell: Teleport Other
  5963 | D:5      | Reached skill level 5 in Maces & Flails
  5974 | D:5      | Noticed a sky beast
  6006 | D:5      | Killed a sky beast
  6563 | D:5      | Reached XP level 7. HP: 45/45 MP: 12/12
  7746 | D:6      | Found a staircase to the Ecumenical Temple.
  7764 | Temple   | Entered the Ecumenical Temple
  7774 | Temple   | Became a worshipper of Makhleb the Destroyer
  7859 | D:6      | Reached skill level 6 in Maces & Flails
  7859 | D:6      | Reached skill level 5 in Translocations
  8269 | D:6      | Slain by an ogre

Illustrated notes

Levels and vault maps discovered:
D:1:      dpeg_arrival_boxes_within_box, layout_basic
D:2:      layout_loops_ring
D:3:      layout_loops_ring, overflow_temple_1_default, zin_angel
D:4:      layout_loops_ring, nicolae_dithmenos_shadow_blocks,
          overflow_temple_1_default
D:5:      layout_cave_pods
D:6:      layout_rooms, minmay_overflow_temple_star_quad,
          minmay_temple_entry_glassed_door
D:7:      layout_loops_ring, nicolae_ru_awakened_eye, serial_shops,
          nicolae_shop_crystal, basic_altar, corexii_leaking_fountain
Temple:   cyrus_circular_temple

Skill      XL: |  1  2  3  4  5  6  7 |
---------------+----------------------+-----
Maces & Flails | 3 4 5 6 |  6.0
Spellcasting   | 3 4 |  4.1
Translocations | 4 5 |  5.0
Fighting       | |  2.0
Throwing       | |  1.0
Dodging        | |  2.3

Action                   |  1- 3 |  4- 6 |  7- 9 || total
-------------------------+-------+-------+-------++-------
Melee: Mace              |    67 |   135 |    49 ||   251
       Constrict         |    12 |    34 |    10 ||    56
       Tentacles         |     7 |    29 |     9 ||    45
 Cast: Teleport Other    |       |     3 |       ||     3
       Blink             |       |     1 |     9 ||    10
       Gell's Gravitas   |       |       |     3 ||     3
       Lesser Beckoning  |       |       |     1 ||     1
  Use: Scroll            |       |     2 |       ||     2
 Stab: Sleeping          |     5 |     7 |       ||    12
Armor: Skin              |    10 |     7 |     3 ||    20
Dodge: Dodged            |    61 |   102 |    34 ||   197
